 Dungeon Crawl Stone Soup version 0.31-a0-506-g3d79149578 (webtiles) character file.

Game seed: 405808710095361086

93 MacCMillion the Ruffian (level 4, -1/40 HPs)
             Began as a Troll Shapeshifter on Aug 9, 2023.
             Slain by a gnoll
             ... wielding a +0 flail
              (11 damage)
             ... on level 2 of the Dungeon.
             The game lasted 00:02:00 (1143 turns).

MacCMillion the Ruffian (Troll Shapeshifter)        Turns: 1143, Time: 00:02:00

Health: -1/40      AC:  4    Str: 25    XL:     4   Next: 36%
Magic:  3/3        EV:  9    Int:  4    God:
Gold:   128        SH:  0    Dex: 10    Spells: 3/3 levels left

rFire   . .          .
                       - Unarmed
rCold   + . .        (no shield)
rNeg    . . .        a - +0 animal skin
rPois   .            (helmet currently unavailable)
rElec   .            (cloak currently unavailable)
rCorr   +            (gloves unavailable)
SInv    .            (boots unavailable)
Will    .....        (no amulet)
Stlth   +            j - ring of resist corrosion
HPRegen 1.06/turn    k - ring of protection from cold
MPRegen 0.08/turn

%: no passive effects
@: lethally poisoned (-1 -> -2), beast-form
A: beast (slay +2), large, unfitting armour, claws 3, regeneration 1, shaggy fur
1, tough skin 1
a: Begin Untransformation


You were on level 2 of the Dungeon.
You were a hulking beast.
You visited 1 branch of the dungeon, and saw 3 of its levels.

You collected 128 gold pieces.

Inventory:

Armour
 a - a +0 animal skin (worn)
Jewellery
 f - a ring of magical power
 j - a ring of resist corrosion (left claw)
 k - a ring of protection from cold (right claw)
Talismans
 c - a beast talisman (active)
 d - a flux talisman
Wands
 n - a wand of paralysis (7)
Scrolls
 g - 2 scrolls of identify {unknown}
 i - a scroll of fog {unknown}
 m - 3 scrolls of fear {unknown}
Potions
 b - a potion of lignification
 e - a potion of haste {unknown}
 h - 3 potions of curing {unknown}
 l - a potion of magic {unknown}


   Skills:
 - Level 0.7 Fighting
 - Level 1.5 Dodging
 + Level 5.2 Unarmed Combat
 - Level 3.0 Shapeshifting


You had 3 spell levels left.
You didn't know any spells.
Your spell library was empty.

Dungeon Overview and Level Annotations

Branches:
Dungeon (3/15)

Altars:


Innate Abilities, Weirdness & Mutations

You are a hulking beast.
Your limbs bulge with bestial killing power. (Slay +2)
You are too large for most types of armour.
You have claws for hands.
Your natural rate of healing is unusually fast.
You are covered in fur. (AC +1)
You have tough skin. (AC +1)


Message History

There are monsters nearby!
The gnoll shouts!
You hear a shout! x2
A gnoll comes into view. It is wielding a +0 spear.
You see here a +0 ring mail.
Found a robe.
There is a stone staircase leading up here.
The adder bites you but does no damage. The gnoll hits you with a +0 flail.
The adder bites you but does no damage.
You climb upwards.
There is a stone staircase leading down here.
You claw the adder!
The adder is severely wounded.
The adder bites you.
You are poisoned.
The adder poisons you! The gnoll hits you with a +0 flail!
You closely miss the adder. You claw the adder, but do no damage.
The adder is severely wounded.
You feel sick. The adder bites you but does no damage.
The gnoll barely misses you.
You closely miss the adder.
The adder is severely wounded.
You feel sick. The adder bites you but does no damage.
The gnoll hits you with a +0 flail.
Unknown command.
You barely miss the adder.
The adder is heavily wounded.
You feel sick. The adder bites you but does no damage.
The gnoll hits you with a +0 flail. The adder bites you.
You closely miss the adder.
The adder is heavily wounded.
You feel sick. The adder closely misses you.
The gnoll hits you with a +0 flail!
* * * LOW HITPOINT WARNING * * *
Unknown command.
You claw the adder!
You kill the adder!
You claw the gnoll!
The gnoll is severely wounded.
You feel sick. The gnoll hits you with a +0 flail!
You die...

####### #.....#
#†....# #h....# ##
#g....# ###.
#.....#########...
#...............##
#.....#..#########
#.....##.#### ##.
#.....##....####..
#.....#####.#.....
####### #.#.##.#


You could see a gnoll.

Vanquished Creatures
  Ijyb (D:3)
  An adder (D:2)
  A dart slug (D:1)
  An orc (D:3)
  5 ball pythons
  9 bats
  4 endoplasms
  2 giant cockroaches
  4 goblins
  4 hobgoblins
  5 quokkas
  5 frilled lizards
  5 kobolds
  4 rats
51 creatures vanquished.

Notes
Turn   | Place    | Note
-------+----------+-------------------------------------------
     0 | D:1      | MacCMillion the Troll Shapeshifter began the quest for the
                  | Orb.
     0 | D:1      | Reached XP level 1. HP: 18/18 MP: 0/0
    82 | D:1      | Reached XP level 2. HP: 26/26 MP: 1/1
   176 | D:1      | Reached skill level 4 in Unarmed Combat
   322 | D:1      | Reached XP level 3. HP: 32/32 MP: 2/2
   964 | D:3      | Noticed Ijyb
   965 | D:3      | Paralysed by Ijyb for 4 turns
   977 | D:3      | Killed Ijyb
   978 | D:3      | Reached skill level 5 in Unarmed Combat
   978 | D:3      | Reached XP level 4. HP: 17/40 MP: 3/3
  1143 | D:2      | Slain by a gnoll

Illustrated notes

Levels and vault maps discovered:
D:1:      matt_arrival_grand_opening, layout_rooms
D:2:      layout_rooms, minmay_split_cup_small
D:3:      layout_rooms, mainiacjoe_overflow_big_doors,
          dilly_ecumenical_altar_fadedgnrine,
          hangedman_abyss_or_decor_lesser_grid, minmay_misc_feat_roman,
          uniq_ijyb, uniq_crazy_yiuf_cottage

Skill      XL: |  1  2  3 |
---------------+----------+-----
Unarmed Combat | 4 5 |  5.2
Fighting       | |  0.7
Dodging        | |  1.5
Shapeshifting  | |  3.0

Action                     |  1- 3 |  4- 6 || total
---------------------------+-------+-------++-------
  Melee: Unarmed           |   111 |     9 ||   120
         Punch             |       |     1 ||     1
   Stab: Sleeping          |     2 |       ||     2
 Armour: Animal skin       |    47 |     6 ||    53
  Dodge: Dodged            |    42 |     2 ||    44

Table legend: (Time is in decaauts)
 A = Elapsed time spent in this place.
 B = Non-inter-level travel time spent in this place.
 C = Inter-level travel time spent in this place.
 D = Time resting spent in this place.
 E = Time spent auto-exploring this place.
 F = Levels seen in this place.
 G = Mean time per level.
                   A        B        C        D        E       F      G
               +--------+--------+--------+--------+--------+-----+--------+
         Total |   1132 |   1078 |     54 |    121 |    684 |   3 |  377.3 |
       Dungeon |   1132 |   1078 |     54 |    121 |    684 |   3 |  377.3 |
               +--------+--------+--------+--------+--------+-----+--------+

Top non-repeatable levels by time:
     D:2: 464 daAuts
     D:1: 390 daAuts
     D:3: 278 daAuts
